 Dungeon Sprint DCSS version 0.22-a0-358-g7563fe7 (webtiles) character file.

11700000 KristoblXynda the Formicid Barricade (level 27, -7/249 HPs)
             Began as a Formicid Fighter on Apr 18, 2018.
             Was the Champion of Makhleb.
             Killed from afar by a dread (58 damage)
             ... with damnation
             ... in the Dungeon (Sprint VIII: "Arena of Blood").
             The game lasted 00:04:58 (117 turns).

KristoblXynda the Formicid Barricade (FoFi)          Turns: 117, Time: 00:04:59

Health: -7/249     AC: 13    Str: 27    XL:     27
Magic:  44/54      EV: 30    Int:  9    God:    Makhleb [******]
Gold:   0          SH: 19    Dex: 16    Spells: 80/80 levels left

rFire    . . .     SeeInvis +   l - +∞ Axe of Woe
rCold    . . .     Gourm    .   c - +0 shield
rNeg     . . .     Faith    .   b - +0 scale mail
rPois    .         Spirit   .   (helmet unavailable)
rElec    .         Reflect  .   (no cloak)
rCorr    .         Harm     .   (no gloves)
MR       ++...                  (no boots)
Stlth    ++++++++..             (no amulet)
HPRegen  0.51/turn              (no ring)
MPRegen  0.34/turn              (no ring)

@: lethally poisoned (-7 -> -14)
A: permanent stasis, dig shafts and tunnels, four strong arms, antennae 3
a: Dig, Minor Destruction, Lesser Servant of Makhleb, Major Destruction, Greater
Servant of Makhleb, Renounce Religion


You were in the Dungeon.
You worshipped Makhleb.
Makhleb was exalted by your worship.
You were not hungry.

You visited 1 branch

Inventory:

Hand Weapons
 a - a +0 war axe
 l - the +∞ Axe of Woe (weapon)
   (You found it in the Dungeon)
Armour
 b - a +0 scale mail (worn)
 c - a +0 shield (worn)
Scrolls
 k - a scroll of blinking
Potions
 d - a potion of might
 e - a potion of curing
 h - a potion of haste
 i - 2 potions of magic
 j - a potion of berserk rage
Comestibles
 f - a ration


   Skills:
 O Level 27 Fighting
 O Level 27 Axes
 O Level 27 Throwing
 O Level 27 Armour
 O Level 27 Dodging
 O Level 27 Stealth
 O Level 27 Shields
 O Level 27 Unarmed Combat
 O Level 27 Spellcasting
 O Level 27 Invocations


You had 80 spell levels left.
You didn't know any spells.

Dungeon Overview and Level Annotations

Branches:
Dungeon (1/1)

Altars:
Makhleb


Innate Abilities, Weirdness & Mutations

You cannot be hasted, slowed, berserked, paralysed or teleported.
You can dig through walls and to a lower floor.
Your four strong arms can wield two-handed weapons with a shield.
You have a pair of large antennae on your head. (SInv)


Message History

A meat beast comes into view.
You feel much better.
You feel sick.
You hear a shout!
The dread throws damnation at you.
The sphere of damnation explodes!
The damnation engulfs you!
* * * LOW HITPOINT WARNING * * *
You hear a shout! x2
The accursed gestures at you while chanting.
Something smites you!
* * * LOW HITPOINT WARNING * * *
You block the reaper's attack.
The meat beast gives a loud, deep croak!
You slash the scourge!
You hew the scourge savagely.
You kill the scourge!
Makhleb accepts your kill.
You feel better.
You feel sick.
You hear a shout! x4
The dread throws damnation at you.
The sphere of damnation explodes!
The damnation engulfs you!
You die...

..............#.
.................
..................#..
......#.......%.....
..%...#.....M.....##. ..
......###...............
.###.......)).).%###....
.._......)))))...)......
.....#...))))#.#@.......
_.<._#.))).))).)).......
){...#.)))))#)#2#%......
.._))))))))))..%....%...
)###))..)))))#.#.#..#...
...)).###))))....{.#2...
......#.........%.%W#...
......#............#...
................M...


You could see an accursed, a meat beast, a reaper and a dread.

Vanquished Creatures
  4 hell beasts (D)
  9 greater mummies (D)
  6 great orbs of eyes (D)
  5 wraiths (D)
  Harold (D)
  13 vampire knights (D)
  37 ogres (D)
  7 two-headed ogres (D)
  6 liches (D)
  A hydra (D)
  91 orcs (D)
  2 phantoms (D)
  4 skeletal warriors (D)
  A sea snake (D)
  11 large abominations (D)
  13 small abominations (D)
  11 crawling corpses (D)
222 creatures vanquished.

Vanquished Creatures (others)
  8 crawling corpses (D)
8 creatures vanquished.

Grand Total: 230 creatures vanquished

Notes
Turn   | Place    | Note
-------+----------+-------------------------------------------
     0 | D        | Found the +∞ Axe of Woe
     0 | D        | KristoblXynda the Formicid Fighter began the quest for the Orb.
     0 | D        | Reached XP level 1. HP: 18/18 MP: 1/1
     3 | D        | Noticed a bag of meat
     4 | D        | Became a worshipper of Makhleb the Destroyer
     5 | D        | Noticed a meat berserker
     5 | D        | Noticed a bag of meat
     6 | D        | Noticed a meat berserker
     7 | D        | Noticed a bag of meat
     7 | D        | Noticed a bag of meat
     8 | D        | Noticed a bag of meat
     8 | D        | Killed a meat berserker
     8 | D        | Reached XP level 2. HP: 51/51 MP: 2/2
     8 | D        | Reached XP level 3. HP: 58/58 MP: 3/3
     8 | D        | Reached XP level 4. HP: 65/65 MP: 4/4
     8 | D        | Reached XP level 5. HP: 72/72 MP: 5/5
     8 | D        | Reached XP level 6. HP: 79/79 MP: 6/6
     8 | D        | Reached XP level 7. HP: 85/85 MP: 7/7
     8 | D        | Reached XP level 8. HP: 93/93 MP: 8/8
     8 | D        | Reached XP level 9. HP: 99/99 MP: 9/9
     8 | D        | Reached XP level 10. HP: 107/107 MP: 10/10
     8 | D        | Reached XP level 11. HP: 113/113 MP: 11/11
     8 | D        | Reached XP level 12. HP: 120/120 MP: 12/12
     8 | D        | Reached XP level 13. HP: 127/127 MP: 13/13
     9 | D        | Noticed a bag of meat
     9 | D        | Killed a meat berserker
     9 | D        | Reached * piety under Makhleb
     9 | D        | Reached XP level 14. HP: 134/141 MP: 14/14
     9 | D        | Reached XP level 15. HP: 140/148 MP: 15/15
     9 | D        | Reached skill level 15 in Axes
     9 | D        | Reached XP level 16. HP: 153/161 MP: 16/16
    10 | D        | Noticed a meat berserker
    10 | D        | Reached ** piety under Makhleb
    10 | D        | Reached skill level 27 in Shields
    13 | D        | Noticed a meat berserker
    13 | D        | Noticed a meat berserker
    13 | D        | Noticed a meat berserker
    15 | D        | Killed a meat berserker
    15 | D        | Reached skill level 27 in Fighting
    15 | D        | Reached skill level 27 in Armour
    15 | D        | Reached XP level 17. HP: 174/174 MP: 17/17
    15 | D        | Reached *** piety under Makhleb
    15 | D        | Reached XP level 18. HP: 182/182 MP: 18/18
    16 | D        | Killed a meat berserker
    16 | D        | Killed a meat berserker
    16 | D        | Reached skill level 27 in Axes
    16 | D        | Reached XP level 19. HP: 189/189 MP: 19/19
    16 | D        | Reached **** piety under Makhleb
    17 | D        | Noticed a meat berserker
    17 | D        | Noticed a meat berserker
    18 | D        | Reached skill level 27 in Dodging
    19 | D        | Noticed a meat berserker
    19 | D        | Reached XP level 20. HP: 197/197 MP: 19/29
    19 | D        | Reached ***** piety under Makhleb
    20 | D        | Noticed a destroyer
    21 | D        | Noticed a destroyer
    21 | D        | Killed a meat berserker
    21 | D        | Reached XP level 21. HP: 204/204 MP: 19/39
    22 | D        | Noticed a meat berserker
    23 | D        | Noticed a destroyer
    23 | D        | Noticed a large bag of meat
    23 | D        | Reached skill level 15 in Throwing
    23 | D        | Reached skill level 15 in Unarmed Combat
    23 | D        | Reached skill level 15 in Spellcasting
    24 | D        | Noticed a meat berserker
    24 | D        | Noticed a meat berserker
    24 | D        | Noticed a destroyer
    25 | D        | Killed a meat berserker
    25 | D        | Killed a meat berserker
    25 | D        | Reached XP level 22. HP: 212/212 MP: 20/45
    26 | D        | Noticed a destroyer
    26 | D        | Killed a large bag of meat
    26 | D        | Killed a meat berserker
    26 | D        | Reached skill level 27 in Stealth
    26 | D        | Killed a destroyer
    26 | D        | Reached skill level 27 in Invocations
    26 | D        | Reached XP level 23. HP: 219/219 MP: 20/51
    27 | D        | Noticed a large bag of meat
    27 | D        | Reached ****** piety under Makhleb
    27 | D        | Reached skill level 27 in Throwing
    27 | D        | Reached skill level 27 in Unarmed Combat
    27 | D        | Reached skill level 27 in Spellcasting
    27 | D        | Reached XP level 24. HP: 227/227 MP: 20/54
    28 | D        | Noticed a large bag of meat
    28 | D        | Killed a destroyer
    28 | D        | Killed a destroyer
    28 | D        | Reached XP level 25. HP: 234/234 MP: 20/54
    30 | D        | Reached XP level 26. HP: 242/242 MP: 21/54
    30 | D        | Killed a destroyer
    31 | D        | Noticed a destroyer
    31 | D        | Noticed a destroyer
    32 | D        | Reached XP level 27. HP: 249/249 MP: 22/54
    33 | D        | Killed a destroyer
    33 | D        | Killed a large bag of meat
    35 | D        | Killed a destroyer
    35 | D        | Killed a large bag of meat
    35 | D        | Killed a destroyer
    37 | D        | Noticed a large bag of meat
    40 | D        | Noticed a destroyer
    43 | D        | Noticed a destroyer
    46 | D        | Noticed a destroyer
    47 | D        | Noticed a tyrant
    49 | D        | Noticed a large bag of meat
    49 | D        | Killed a large bag of meat
    50 | D        | Noticed a tyrant
    50 | D        | Noticed a tyrant
    51 | D        | Killed a destroyer
    53 | D        | Killed a destroyer
    55 | D        | Noticed a destroyer
    58 | D        | Noticed an accursed
    58 | D        | Killed a tyrant
    58 | D        | Killed a large bag of meat
    60 | D        | Noticed a destroyer
    60 | D        | Noticed a meat beast
    61 | D        | Killed a tyrant
    62 | D        | Killed a destroyer
    64 | D        | Killed a meat beast
    65 | D        | Noticed a dread
    66 | D        | Killed a dread
    66 | D        | Killed a destroyer
    68 | D        | Killed an accursed
    69 | D        | Noticed a dread
    70 | D        | Noticed a dread
    70 | D        | Noticed an accursed
    71 | D        | Noticed a meat beast
    73 | D        | Killed a meat beast
    75 | D        | Noticed an accursed
    75 | D        | Noticed an accursed
    77 | D        | Noticed a meat beast
    77 | D        | Noticed a tyrant
    77 | D        | Noticed an accursed
    78 | D        | Noticed a dread
    78 | D        | Noticed a dread
    78 | D        | Noticed a large bag of meat
    79 | D        | Killed a destroyer
    79 | D        | Killed a dread
    80 | D        | Noticed a large bag of meat
    80 | D        | Killed a meat beast
    82 | D        | Killed an accursed
    83 | D        | Killed a dread
    84 | D        | Killed a large bag of meat
    87 | D        | Killed an accursed
    87 | D        | Killed a dread
    88 | D        | Noticed a destroyer
    88 | D        | Killed a large bag of meat
    89 | D        | Killed a tyrant
    91 | D        | Noticed an accursed
    91 | D        | Killed an accursed
    91 | D        | Killed a destroyer
    92 | D        | Killed a tyrant
    94 | D        | Noticed an accursed
    95 | D        | Killed a dread
    97 | D        | Noticed an accursed
    97 | D        | Killed an accursed
    99 | D        | Killed an accursed
   100 | D        | HP: 9/246 [observer/bolt of fire (45)]
   100 | D        | HP: 3/246 [soul eater/drain life[an accursed's death curse] (6)]
   101 | D        | Noticed a tyrant
   101 | D        | Noticed a tyrant
   101 | D        | Killed an accursed
   103 | D        | Noticed an accursed
   104 | D        | Noticed a meat beast
   105 | D        | Noticed The Servant
   106 | D        | Killed an accursed
   107 | D        | Killed an accursed
   109 | D        | Killed a meat beast
   110 | D        | Noticed an accursed
   110 | D        | Killed a tyrant
   111 | D        | Killed a tyrant
   114 | D        | Noticed an accursed
   114 | D        | Noticed a dread
   115 | D        | Killed The Servant
   116 | D        | Noticed a meat beast
   116 | D        | HP: 12/249 [accursed/divine providence (12)]
   117 | D        | Killed from afar by a dread

Vault maps used:
D:        meatsprint

Skill      XL: |  1  2  3  4  5  6  7  8  9 10 11 12 13 14 15 16 17 18 19 20 21 22 23 |
---------------+----------------------------------------------------------------------+-----
Fighting       | 19 22 24 27 | 27.0
Axes           | 11 13 15 20 22 27 | 27.0
Armour         | 19 22 24 27 | 27.0
Shields        | 20 23 25 27 | 27.0
Dodging        | 11 14 22 27 | 27.0
Throwing       | 6 14 19 24 27 | 27.0
Stealth        | 8 18 23 27 | 27.0
Unarmed Combat | 6 14 19 24 27 | 27.0
Spellcasting   | 6 14 19 24 27 | 27.0
Invocations    | 8 16 22 27 | 27.0

Action                   |  1- 3 |  4- 6 |  7- 9 | 10-12 | 13-15 | 16-18 | 19-21 | 22-24 | 25-27 || total
-------------------------+-------+-------+-------+-------+-------+-------+-------+-------+-------++-------
Melee: Executioner's axe |     1 |       |       |       |     1 |     3 |     5 |     3 |    66 ||    79
  Use: Potion            |       |       |       |       |       |       |       |       |     1 ||     1
Armor: Scale mail        |       |       |       |       |       |       |       |       |     6 ||     6
Dodge: Dodged            |       |       |       |       |       |       |       |     1 |     7 ||     8
Block: Shield            |       |       |       |       |       |     4 |       |       |    14 ||    18

Table legend:
 A = Spawn XP
 B = Non-spawn XP
 C = Spawn XP percentage of total XP
 D = Spawn monster count
 E = Non-spawn monster count
 F = Spawn count percentage of total count
 G = Total turns spent on level
                    A         B        C        D         E        F      G
               +---------+---------+-------+---------+---------+-------+---------
         Total |       0 | 6281167 |   0.0 |       0 |     211 |   0.0 |   117
               +---------+---------+-------+---------+---------+-------+---------
             D |       0 | 6281167 |   0.0 |       0 |     211 |   0.0 |   117
               +---------+---------+-------+---------+---------+-------+---------
